Map: Old Republic LE

Players

CrAnK

  • Race: Protoss Protoss
  • League: Diamond
  • Spawn Location: 1:00

AMCHOLDER - Winner!

  • Race: Zerg Zerg
  • League: Diamond
  • Spawn Location: 7:00

VOD

Have the link to the VOD?

Description

Time

  • Played on: Dec. 27, 2025, 9:24 a.m.
  • Length: 9:37
Show
View Real Time Build Order
Export as new Build Order

CrAnK Protoss 

Build Orders: 1 Gate Expand, Oracle Opening, Chargelot Immortal 

Get SALT Encoding   

  12  0:01  Probe  
  13  0:13  Probe  
  14  0:20  Pylon  
  14  0:25  Probe  
  15  0:38  Probe  
  16  0:45  Gateway  
  16  0:50  Probe  
  17  1:03  Probe  
  18  1:14  Nexus  
  18  1:16  Probe  
  19  1:29  Assimilator  
  19  1:34  Cybernetics Core  
  19  1:37  Probe  
  20  1:41  Pylon  
  20  1:46  Zealot  
  22  1:51  Probe  
  22  1:55  Assimilator  
  22  1:59  Probe  
  24  2:09  Probe  
  25  2:20  Probe  
  25  2:22  Pylon  
  26  2:24  Probe  
  26  2:28  Probe  
  27  2:32  Probe  
  27  2:36  Probe, Stargate  
  29  2:41  Stalker  
  29  2:42  Probe  
  30  2:46  Probe  
  34  2:54  Probe x2  
  34  2:57  Warp Gate  
  35  3:04  Probe  
  36  3:06  Probe  
  38  3:13  Oracle  
  38  3:17  Probe  
  38  3:19  Probe  
  40  3:20  Assimilator  
  43  3:29  Probe  
  43  3:31  Probe  
  45  3:36  Nexus  
  45  3:42  Pylon, Probe  
  45  3:43  Probe  
  47  3:49  Oracle  
  47  3:55  Probe x2  
  52  4:01  Assimilator  
  52  4:06  Pylon  
  52  4:07  Probe x2  
  54  4:19  Probe  
  54  4:20  Probe  
  54  4:21  Robotics Facility  
  56  4:26  Oracle  
  56  4:30  Forge  
  59  4:31  Probe, Shield Battery  
  59  4:32  Probe  
  59  4:37  Gateway  
  61  4:43  Probe  
  61  4:45  Probe  
  62  4:50  Probe  
  62  4:51  Pylon  
  62  4:52  Probe, Pylon  
  63  4:53  Probe  
  63  4:55  Pylon  
  63  4:58  Probe  
  66  5:04  Probe x2  
  67  5:07  Protoss Ground Weapons Level 1  
  67  5:10  Immortal  
  73  5:20  Probe x2, Gateway  
  73  5:21  Probe  
  76  5:26  Twilight Council  
  76  5:32  Probe  
  76  5:33  Probe x2  
  75  5:43  Zealot  
  75  5:44  Probe  
  75  5:45  Probe  
  75  5:49  Probe  
  75  5:55  Probe x2  
  76  5:57  Pylon  
  76  5:58  Probe  
  76  6:03  Probe x2  
  78  6:06  Probe  
  78  6:11  Assimilator x2, Probe x2  
  81  6:15  Probe  
  84  6:19  Pylon  
  84  6:23  Probe x2  
  86  6:26  Templar Archives  
  86  6:28  Probe  
  86  6:30  Forge  
  87  6:35  Probe x2  
  87  6:37  Immortal  
  87  6:39  Charge  
  93  6:54  Nexus  
  93  6:58  Gateway  
  93  7:00  Gateway  
  93  7:02  Gateway  
  93  7:03  Gateway  
  93  7:04  Gateway  
  93  7:07  Gateway  
  75  7:16  Immortal  
  75  7:17  Probe  
  75  7:18  Probe x2  
  82  7:28  Zealot x2  
  85  7:30  Probe x3  
  87  7:40  Probe x3  
  87  7:44  Psionic Storm  
  90  7:48  Probe x3  
  90  7:49  Pylon  
  90  7:56  Probe x3  
  96  8:08  Probe x3  
  96  8:09  Zealot x5  
  93  8:13  Zealot  
  93  8:14  Zealot  
  97  8:20  Probe x3  
  97  8:22  Zealot x2  
  97  8:26  Immortal  
  89  8:30  Zealot  
  89  8:31  Zealot  
  82  8:35  Zealot  
  82  8:38  Zealot  
  84  8:47  Zealot x2  
  84  8:48  Zealot  
  84  8:56  Zealot x3  
  72  9:11  Zealot x3  
  72  9:12  Zealot x2  
  62  9:26  Zealot x3  
  67  9:34  Pylon  
Show
View Real Time Build Order
Export as new Build Order

AMCHOLDER Zerg - Winner!

Build Orders: Hatch First 

Get SALT Encoding   

  12  0:00  Drone  
  13  0:09  Drone  
  14  0:14  Extractor  
  14  0:15  Drone  
  15  0:23  Overlord  
  15  0:42  Hatchery  
  14  0:46  Drone  
  15  0:50  Drone  
  15  0:52  Drone  
  17  0:58  Drone  
  18  1:06  Extractor  
  17  1:12  Spawning Pool  
  17  1:15  Drone  
  17  1:19  Drone  
  18  1:30  Drone  
  19  1:41  Drone  
  20  1:52  Drone  
  21  1:59  Queen x2  
  25  2:01  Zergling x4  
  25  2:07  Overlord  
  27  2:13  Drone  
  27  2:14  Metabolic Boost  
  28  2:28  Hatchery  
  27  2:31  Drone  
  27  2:33  Drone  
  29  2:39  Drone x2  
  31  2:45  Overlord  
  31  2:49  Overlord  
  31  2:56  Drone  
  31  2:57  Drone  
  33  2:59  Drone  
  35  3:05  Drone  
  35  3:06  Queen  
  37  3:14  Spore Crawler  
  37  3:16  Spore Crawler  
  37  3:17  Drone  
  37  3:19  Spore Crawler  
  35  3:23  Drone x2  
  35  3:24  Drone  
  38  3:27  Drone  
  38  3:34  Drone x2  
  41  3:39  Baneling Nest  
  40  3:42  Queen  
  42  3:52  Drone x2  
  42  3:53  Drone  
  42  3:54  Zergling x6  
  42  3:55  Zergling x2  
  49  3:57  Zergling x2  
  49  4:02  Overlord  
  50  4:12  Drone x6  
  56  4:21  Drone x5  
  61  4:26  Lair  
  61  4:27  Drone  
  62  4:33  Evolution Chamber  
  62  4:36  Evolution Chamber  
  60  4:38  Drone  
  60  4:40  Drone x3  
  60  4:45  Overlord x2  
  64  4:50  Drone x2  
  66  4:53  Extractor, Drone  
  66  5:04  Drone x3  
  66  5:05  Zergling x4  
  66  5:06  Zergling x8  
  75  5:12  Drone  
  76  5:33  Zergling x8  
  76  5:34  Zergling x4  
  82  5:40  Overlord x4  
  81  5:43  Zerg Ground Armor Level 1, Zerg Melee Weapons Level 1  
  80  5:52  Overlord x3  
  80  5:56  Extractor x2  
  76  5:57  Drone  
  76  5:58  Drone x2  
  76  5:59  Drone x3  
  76  6:00  Drone x2  
  76  6:01  Drone x4  
  76  6:02  Drone  
  89  6:07  Spore Crawler  
  89  6:11  Zergling x6  
  89  6:14  Hatchery, Spore Crawler  
  89  6:17  Overseer  
  89  6:18  Overseer  
  89  6:20  Overseer  
  89  6:25  Centrifugal Hooks  
  89  6:28  Drone x3  
  89  6:29  Extractor x2  
  89  6:30  Drone x3  
  89  6:31  Drone  
  94  6:33  Zergling x12  
  100  6:43  Baneling x8  
  100  6:44  Zergling x6, Baneling  
  103  6:47  Queen  
  103  6:49  Hatchery, Queen  
  103  6:51  Zergling x2  
  103  6:52  Zergling x2  
  108  7:08  Zergling x14  
  106  7:09  Zergling x10  
  111  7:18  Zergling x6  
  109  7:24  Spire  
  109  7:28  Zergling x2  
  109  7:29  Zergling x6  
  101  7:38  Zergling x8  
  105  7:44  Queen  
  105  7:49  Zergling x2  
  105  7:50  Zergling x6  
  111  7:55  Zergling x6  
  111  7:56  Zergling x12  
  120  8:01  Queen  
  116  8:06  Zergling x2  
  116  8:07  Zergling x8  
  116  8:13  Queen  
  116  8:14  Overlord x2  
  115  8:24  Baneling x2  
  115  8:25  Zergling x2, Baneling x2  
  115  8:26  Zergling x30  
  114  8:55  Mutalisk  
  114  8:56  Mutalisk x13  
  114  9:01  Zergling x4  
  114  9:02  Zergling x14  
  142  9:17  Zergling x10  
Tags
 
Add a new tag
Caveats
  • Supply blocks, unpowered buildings, or Contaminate may cause inaccurate times.
  • Supply counts are checked every 10 seconds.